 Dungeon Crawl Stone Soup version 0.29.0-4-gdea44cf6ec (webtiles) character file.

Game seed: 612970682914355804

472 Destructed3 the Trooper (level 6, -1/52 HPs)
             Began as a Mummy Fighter on Aug 27, 2022.
             Was a Believer of Wu Jian.
             Slain by a phantom (4 damage)
             ... on level 5 of the Dungeon.
             The game lasted 00:07:47 (3346 turns).

Destructed3 the Trooper (Mummy Fighter)             Turns: 3346, Time: 00:07:47

Health: -1/52      AC:  6    Str: 19    XL:     6   Next: 83%
Magic:  6/6        EV:  9    Int:  9    God:    Wu Jian [**....]
Gold:   196        SH:  4    Dex: 12    Spells: 5/5 levels left

rFire   x . .      SeeInvis .   d - +0 war axe (pain)
rCold   + . .      Faith    .   c - +0 buckler
rNeg    + + +      Spirit   .   b - +0 scale mail
rPois   ∞          Reflect  .   (no helmet)
rElec   .          Harm     .   h - scarf {shadows}
rCorr   .          Rampage  .   (no gloves)
Will    .....                   (no boots)
Stlth   ..........              (no amulet)
HPRegen 0.17/turn               (no ring)
MPRegen 0.10/turn               (no ring)

@: no status effects
A: cold resistance 1, negative energy resistance 3, torment resistance 2, heat
vulnerability 1, in touch with death 1, no potions
a: Renounce Religion, Wall Jump


You were on level 5 of the Dungeon.
You worshipped Wu Jian.
Wu Jian was pleased with you.
You visited 1 branch of the dungeon, and saw 4 of its levels.

You collected 196 gold pieces.

Inventory:

Hand Weapons
 a - a +0 long sword
 d - a +0 war axe of pain (weapon)
Armour
 b - a +0 scale mail (worn)
 c - a +0 buckler (worn)
 h - a scarf of shadows (worn)
Jewellery
 l - a ring of protection from fire
 m - a ring of protection from fire
Scrolls
 e - a scroll of noise
 f - a scroll of brand weapon {unknown}
 g - 2 scrolls of fog {unknown}
 i - 3 scrolls of identify
 j - 2 scrolls of enchant armour
 k - a scroll of amnesia


   Skills:
 + Level 6.1 Fighting
 - Level 1.5 Long Blades
 + Level 3.3 Axes
 + Level 2.6 Armour
 + Level 2.6 Shields


You had 5 spell levels left.
You didn't know any spells.
Your spell library contained the following spells:

 Spells                   Type           Power      Damage    Failure   Level
 Sting                    Tmut/Pois      0%         1d3       86%         1
 Ensorcelled Hibernation  Hex/Ice        0%         N/A       94%         2
 Passwall                 Tmut/Erth      0%         N/A       94%         2
 Poisonous Vapours        Pois/Air       0%         N/A       94%         2
 Gell's Gravitas          Tloc           0%         N/A       99%         3
 Ozocubu's Armour         Ice            0%         N/A       99%         3
 Swiftness                Air            0%         N/A       99%         3
 Teleport Other           Tloc           0%         N/A       99%         3
 Olgreb's Toxic Radiance  Pois           0%         N/A       100%        4
 Metabolic Englaciation   Hex/Ice        0%         N/A       100%        5
 Dispersal                Tloc           0%         N/A       100%        6
 Simulacrum               Ice/Necr       0%         N/A       100%        6


Dungeon Overview and Level Annotations

Branches:
Dungeon (5/15)
 Temple: D:4-7

Altars:
Dithmenos
Gozag
Sif Muna
Trog
Wu Jian


Innate Abilities, Weirdness & Mutations

You are immune to poison.
Your flesh is cold resistant. (rC+)
You are immune to negative energy. (rN+++)
You are immune to unholy pain and torment.
You are vulnerable to heat. (rF-)
You are in touch with the powers of death.
You do not drink.


Message History

You closely miss the phantom.
The phantom is heavily damaged.
The phantom hits you.
* * * LOW HITPOINT WARNING * * *
You barely miss the phantom.
The phantom is heavily damaged.
You block the phantom's attack.
You barely miss the phantom.
The phantom is heavily damaged.
The phantom barely misses you. You block the phantom's attack.
You hit the phantom but do no damage.
The phantom is heavily damaged.
You block the phantom's attack.
You hit the phantom but do no damage.
The phantom is heavily damaged.
The phantom hits you but does no damage.
You barely miss the phantom.
The phantom is heavily damaged.
The phantom hits you.
* * * LOW HITPOINT WARNING * * *
The phantom closely misses you.
You closely miss the phantom.
The phantom is moderately damaged.
The phantom hits you but does no damage.
You hit the phantom.
The phantom is heavily damaged.
The phantom hits you but does no damage.
You slash the phantom!
The phantom is severely damaged.
The phantom barely misses you. The phantom hits you.
* * * LOW HITPOINT WARNING * * *
The phantom blinks!
You blink.
You barely miss the phantom.
The phantom is severely damaged.
The phantom hits you.
* * * LOW HITPOINT WARNING * * *
You barely miss the phantom.
The phantom is severely damaged.
The phantom hits you.
You die...

#######
##.....#
#......#
#......#
#......#
#......#
#......#
#.....@#
#...§W.#
##.....#
##.....#
#......#
#......#
#......#
##.....#
###'##..#


You could see a phantom.

Vanquished Creatures
  An ice beast (D:5)
  3 scorpions (D:5)
  A hound (D:5)
  An iguana (D:5)
  An orc wizard (D:5)
  5 adders
  2 ufetubi (D:4)
  5 dart slugs
  5 orcs
  6 ball pythons
  5 endoplasms
  A giant cockroach (D:1)
  3 goblins
  5 hobgoblins
  3 jackals (D:4)
  A quokka (D:2)
  4 bats (D:1)
  3 frilled lizards
  A kobold (D:1)
  3 rats (D:1)
59 creatures vanquished.

Vanquished Creatures (others)
  A wizard (D:4)
  10 plants (D:5)
11 creatures vanquished.

Grand Total: 70 creatures vanquished

Notes
Turn   | Place    | Note
-------+----------+-------------------------------------------
     0 | D:1      | Destructed3 the Mummy Fighter began the quest for the Orb.
     0 | D:1      | Reached XP level 1. HP: 18/18 MP: 1/1
   220 | D:1      | Reached XP level 2. HP: 21/24 MP: 2/2
   270 | D:1      | Found a faded altar of an unknown god.
   294 | D:1      | Prayed at the altar of an unknown god.
   294 | D:1      | Became a worshipper of the Wu Jian Council
   294 | D:1      | Reached * piety under Wu Jian
   581 | D:1      | Reached skill level 4 in Fighting
   709 | D:1      | Gained mutation: You are in touch with the powers of death.
                  | [Mummy growth]
   709 | D:1      | Reached XP level 3. HP: 30/30 MP: 3/3
   894 | D:2      | Identified a scroll of acquirement
   894 | D:2      | Acquired a +0 war axe of pain
  1259 | D:2      | Reached skill level 1 in Axes
  1457 | D:2      | You fall into a shaft and drop 2 floors!
  1513 | D:4      | Reached XP level 4. HP: 38/38 MP: 4/4
  1576 | D:4      | Found a bloodstained altar of Trog.
  1579 | D:4      | Noticed a wizard
  1584 | D:4      | Killed a wizard
  1667 | D:4      | Found a shimmering blue altar of Sif Muna.
  2489 | D:4      | Found an opulent altar of Gozag.
  2498 | D:4      | Found a shadowy altar of Dithmenos.
  2570 | D:5      | Entered Level 5 of the Dungeon
  2582 | D:5      | Noticed a scorpion
  2596 | D:5      | Killed a scorpion
  2597 | D:5      | Reached skill level 5 in Fighting
  2597 | D:5      | Reached XP level 5. HP: 28/44 MP: 5/5
  2677 | D:5      | Reached ** piety under Wu Jian
  2803 | D:5      | Noticed an ice beast
  2806 | D:5      | Reached XP level 6. HP: 37/52 MP: 6/6
  2824 | D:5      | Killed an ice beast
  2825 | D:5      | Reached skill level 6 in Fighting
  3346 | D:5      | Slain by a phantom

Illustrated notes

Levels and vault maps discovered:
D:1:      lemuel_arrival_rhombus, layout_loops_ring,
          ebering_ecumenical_altar_sacrificial
D:2:      layout_basic, minmay_door_square
D:4:      layout_loops_ring, nicolae_sif_muna_condensation, trog_wizard,
          mainiacjoe_overflow_swirl
D:5:      layout_gridville, mainiacjoe_overflow_cross_hatched, minivault_25,
          nicolae_specific_store, hangedman_abyss_or_decor_stabs,
          kennysheep_generic_room_14, uniq_menkaure, uniq_blork_the_orc

Skill      XL: |  1  2  3  4  5  6 |
---------------+-------------------+-----
Fighting       | 4 5 6 |  6.1
Axes           | 1 2 3 |  3.3
Long Blades    | |  1.5
Armour         | |  2.6
Shields        | |  2.6

Action                   |  1- 3 |  4- 6 || total
-------------------------+-------+-------++-------
Melee: Long sword        |    62 |       ||    62
       War axe           |    36 |   163 ||   199
Invok: Whirlwind         |     5 |     5 ||    10
       Lunge             |     6 |     3 ||     9
  Use: Scroll            |     7 |       ||     7
Armor: Scale mail        |    50 |    69 ||   119
Dodge: Dodged            |    47 |    99 ||   146
Block: Buckler           |    26 |    40 ||    66
